 Dungeon Crawl Stone Soup version 0.32-a0-931-g5a2cda0630 (webtiles) character file.

Game seed: 11087461200090125731

31 Decritt the Magician (level 3, -6/28 HPs)
             Began as a Djinni Hedge Wizard on Apr 13, 2024.
             Mangled by Terence
             ... wielding a +0 falchion
              (7 damage)
             ... on level 2 of the Dungeon.
             The game lasted 00:07:47 (1392 turns).

Decritt the Magician (Djinni Hedge Wizard)          Turns: 1392, Time: 00:07:47

Health: -6/28      AC:  2    Str:  9    XL:     3   Next: 40%
Gold:   89         EV: 11    Int: 17    God:
                   SH:  0    Dex: 12

rFire   + + .        m - staff of cold
rCold   . . .        (no shield)
rNeg    . . .        b - +0 robe
rPois   ∞            c - +0 hat
rElec   .            (no cloak)
rCorr   .            (no gloves)
SInv    .            (boots unavailable)
Will    .....        (no amulet)
Stlth   ++           (no ring)
HPRegen 0.24/turn    (no ring)

%: infuse magic (-7 HP)
@: flying
A: sickness immunity, fire resistance 2, cold vulnerability 1, float, innate
caster, HP casting, extra vitality 1
a: no special abilities


You were on level 2 of the Dungeon.
You visited 1 branch of the dungeon, and saw 2 of its levels.

You collected 89 gold pieces.

Inventory:

Hand Weapons
 d - a +0 hand axe
Armour
 b - a +0 robe (worn)
 c - a +0 hat (worn)
 g - a +0 leather armour
Magical Staves
 m - a staff of cold (weapon)
Talismans
 h - a granite talisman
 i - a beast talisman
Scrolls
 f - a scroll of identify {unknown}
 j - a scroll of teleportation {unknown}
 k - a scroll of revelation {unknown}
Potions
 a - 2 potions of ambrosia {unknown}
 e - a potion of curing {unknown}
 l - a potion of mutation {unknown}
 n - a potion of cancellation {unknown}
 o - 2 potions of heal wounds {unknown}


   Skills:
 * Level 1.7 Fighting
 + Level 0.2 Armour
 + Level 2.6 Dodging
 - Level 1.5 Stealth
 * Level 3.3 Spellcasting
 * Level 3.3 Conjurations
 * Level 3.3 Hexes
   Level 0.0 Charms
 * Level 3.3 Summonings
 * Level 3.3 Necromancy
 * Level 3.3 Translocations
   Level 0.0 Transmutations
 * Level 3.3 Fire Magic
 * Level 3.3 Ice Magic
 * Level 3.3 Air Magic
 * Level 3.3 Earth Magic
 * Level 3.3 Alchemy


You knew the following spells:

 Your Spells              Type           Power      Damage    Failure   Level
a - Magic Dart            Conj           56%        1d5       4%          1
b - Call Imp              Summ           28%        N/A       7%          2
c - Mephitic Cloud        Conj/Alch/Air  14%        N/A       13%         3
d - Slow                  Hex            56%        N/A       4%          1
e - Blink                 Tloc           28%        N/A       7%          2
f - Sandblast             Erth           28%        2d8       4%          1
Your spell library was empty.

Dungeon Overview and Level Annotations

Branches:
Dungeon (2/15)

Altars:

Shops:
D:1 :

Annotations:
D:2 Terence


Innate Abilities, Weirdness & Mutations

You are immune to sickness and miasma.
You are immune to poison.
Your flesh is very heat resistant. (rF++)
You are vulnerable to cold. (rC-)
You float through the air rather than walking.
You learn spells naturally, not from books.
Your magical power is your life essence.
You have superior vitality. (+4 MHP)


Message History

The magic dart hits Terence.
Terence is severely wounded.
Terence barely misses you.
Casting: Magic Dart (safe; 4% risk of failure)
Confirm with . or Enter, or press ? or * to list all spells.
Aiming: Magic Dart (safe; 4% risk of failure)
Press: ? - help, Shift-Dir - straight line, f/p - Terence
Aim: Terence, wielding a +0 falchion and wearing a +0 scale mail (severely wounded, 100% to hit)
The magic dart hits Terence but does no damage.
Terence is severely wounded.
* * * LOW HITPOINT WARNING * * *
Terence hits you with a +0 falchion.
* * * LOW HITPOINT WARNING * * *
Casting: Magic Dart (safe; 4% risk of failure)
Confirm with . or Enter, or press ? or * to list all spells.
Aiming: Magic Dart (safe; 4% risk of failure)
Press: ? - help, Shift-Dir - straight line, f/p - Terence
Aim: Terence, wielding a +0 falchion and wearing a +0 scale mail (severely wounded, 100% to hit)
The magic dart hits Terence.
Terence is almost dead.
* * * LOW HITPOINT WARNING * * *
Terence hits you with a +0 falchion.
* * * LOW HITPOINT WARNING * * *
Casting: Magic Dart (safe; 4% risk of failure)
Confirm with . or Enter, or press ? or * to list all spells.
Aiming: Magic Dart (safe; 4% risk of failure)
Press: ? - help, Shift-Dir - straight line, f/p - Terence
Aim: Terence, wielding a +0 falchion and wearing a +0 scale mail (almost dead, 100% to hit)
The magic dart hits Terence but does no damage.
Terence is almost dead.
* * * LOW HITPOINT WARNING * * *
Terence misses you.
Casting: Magic Dart (safe; 4% risk of failure)
Confirm with . or Enter, or press ? or * to list all spells.
You don't have enough health to cast this spell.
You barely miss Terence.
Terence is almost dead.
Terence hits you with a +0 falchion!
You die...
Terence says, "Rest in peace."

......# ####..#
####..# ##....###
##......# ......#.#
##.####.###########
...##.....##......###
##.##.#.#.##.##.@...#
#.##.#.#.##.##.#@#.#
#... ..#.......#.#
##...######.####.#
#.## #.# .# #. #.. .#
#### ##


You could see Terence.

Vanquished Creatures
  A dart slug (D:1)
  An endoplasm (D:1)
  4 giant cockroaches
  3 goblins
  2 hobgoblins
  3 quokkas
  A ball python (D:2)
  3 bats (D:1)
  2 frilled lizards
  3 rats (D:1)
23 creatures vanquished.

Vanquished Creatures (collateral kills)
  An endoplasm (D:1)
  A goblin (D:1)
2 creatures vanquished.

Grand Total: 25 creatures vanquished

Notes
Turn   | Place    | Note
-------+----------+-------------------------------------------
     0 | D:1      | Decritt the Djinni Hedge Wizard began the quest for the
                  | Orb.
     0 | D:1      | Decritt set off with the following spells memorised: Magic
                  | Dart, Slow, Blink, Call Imp, Mephitic Cloud.
     0 | D:1      | Reached XP level 1. HP: 15/15 MP: 0/0
   144 | D:1      | Reached XP level 2. HP: 17/22 MP: 0/0
   185 | D:1      | Reached skill level 1 in Fighting
   601 | D:1      | Reached XP level 3. HP: 24/27 MP: 0/0
   601 | D:1      | Learned a level 1 spell: Sandblast
   717 | D:1      | Found Gusogipo's Book Emporium.
  1380 | D:2      | Noticed Terence
  1392 | D:2      | Mangled by Terence

Illustrated notes

Levels and vault maps discovered:
D:1:      minmay_arrival_widening_spiral_wide, layout_loops_ring, serial_shops,
          shop
D:2:      layout_loops_cross, uniq_terence

Skill      XL: |  1  2 |
---------------+-------+-----
Fighting       | 1 |  1.7
Armour         | |  0.2
Dodging        | |  2.6
Stealth        | |  1.5
Spellcasting   | |  3.3
Conjurations   | |  3.3
Hexes          | |  3.3
Summonings     | |  3.3
Necromancy     | |  3.3
Translocations | |  3.3
Fire Magic     | |  3.3
Ice Magic      | |  3.3
Air Magic      | |  3.3
Earth Magic    | |  3.3
Alchemy        | |  3.3

Action                     || total
---------------------------++-------
  Melee: Staff             ||     1
   Cast: Magic Dart        ||    70
         Call Imp          ||     3
 Armour: Robe              ||    12
  Dodge: Dodged            ||    19
         Form:             ||     2
         Statue            ||     1
         Beast             ||     1

Table legend: (Time is in decaauts)
 A = Elapsed time spent in this place.
 B = Non-inter-level travel time spent in this place.
 C = Inter-level travel time spent in this place.
 D = Time resting spent in this place.
 E = Time spent auto-exploring this place.
 F = Levels seen in this place.
 G = Mean time per level.
                   A        B        C        D        E       F      G
               +--------+--------+--------+--------+--------+-----+--------+
         Total |   1402 |   1390 |     12 |    378 |    737 |   2 |  701.0 |
       Dungeon |   1402 |   1390 |     12 |    378 |    737 |   2 |  701.0 |
               +--------+--------+--------+--------+--------+-----+--------+

Top non-repeatable levels by time:
     D:1: 947 daAuts
     D:2: 455 daAuts
